 Dungeon Crawl Stone Soup version 0.28.0-43-g3370ac3207 (webtiles) character file.

Game seed: 13120394546682780750

1 cbfl8 the Caller (level 1, 0/15 HPs)
             Began as a Naga Summoner on Mar 12, 2022.
             Frozen to death by an endoplasm (4 damage)
             ... on level 1 of the Dungeon.
             The game lasted 00:00:15 (27 turns).

cbfl8 the Caller (Naga Summoner)                      Turns: 27, Time: 00:00:16

Health: 0/15       AC:  1    Str: 10    XL:     1   Next: 20%
Magic:  2/3        EV:  9    Int: 15    God:
Gold:   0          SH:  0    Dex: 11    Spells: 3/4 levels left

rFire   . . .      SeeInvis +   (no weapon)
rCold   . . .      Faith    .   (no shield)
rNeg    . . .      Spirit   .   a - +0 robe
rPois   +          Reflect  .   (no helmet)
rElec   .          Harm     .   (no cloak)
rCorr   .          Rampage  .   (no gloves)
Will    .....                   (no barding)
Stlth   ++........              (no amulet)
HPRegen 0.05/turn               (no ring)
MPRegen 0.08/turn               (no ring)

@: short of breath, very slow
A: AC +0, large, see invisible, deformed body, poison resistance, slowness 2,
spit poison 1, naga tail 1
a: Spit Poison


You were on level 1 of the Dungeon.
You visited 1 branch of the dungeon, and saw 1 of its levels.

Inventory:

Armour
 a - a +0 robe (worn)
 c - a +0 robe
Scrolls
 b - a scroll of vulnerability {unknown}


   Skills:
 + Level 1.5 Dodging
 + Level 3.0 Stealth
 + Level 2.0 Spellcasting
 + Level 4.0 Summonings


You had 3 spell levels left.
You knew the following spells:

 Your Spells              Type           Power      Damage    Failure   Level
a - Summon Small Mammal   Summ           52%        N/A       4%          1

Your spell library contained the following spells:

 Spells                   Type           Power      Damage    Failure   Level
 Call Imp                 Summ           13%        N/A       6%          2
 Call Canine Familiar     Summ           13%        N/A       13%         3
 Summon Guardian Golem    Hex/Summ       7%         N/A       28%         3
 Summon Lightning Spire   Summ/Air       7%         N/A       67%         4


Dungeon Overview and Level Annotations

Branches:
Dungeon (1/15)

Altars:


Innate Abilities, Weirdness & Mutations

Your serpentine skin is tough. (AC +0)
You have supernaturally acute eyesight. (SInv)
Armour fits poorly on your strangely shaped body.
Your system is resistant to poisons. (rPois)
You cover ground very slowly.
You can spit poison.
You have a snake-like lower body.


Message History

Welcome, cbfl8 the Naga Summoner.
It is said that the Orb of Zot exists deep within this dungeon.
Press ? for a list of commands and other information.
Found a robe and a scroll labelled IPUREE WEOMOBOYSOW.
Found a staircase leading out of the dungeon.
b - a scroll labelled IPUREE WEOMOBOYSOW 2 jackals come into view.
An endoplasm and a jackal come into view.
Found an escape hatch in the floor.
The endoplasm quivers.
The jackal barks! x2; You hear a shout!
The jackal barks!
The jackal bites you but does no damage.
The jackal bites you. The jackal bites you. The jackal closely misses you.
You see here a +0 robe.
c - a +0 robe The jackal closely misses you.
The jackal bites you but does no damage.
Aiming: Spit Poison (3% risk of failure)
Press: ? - help, Shift-Dir - straight line, f - jackal
Aim: a jackal (43% to hit)
The splash of poison misses the jackal.
The splash of poison hits the jackal!
The jackal is poisoned.
You kill the jackal!
The jackal bites you. x3
The endoplasm freezes you.
You are frozen.
* * * LOW HITPOINT WARNING * * *
The jackal barely misses you.
Casting: Summon Small Mammal (safe; 4% risk of failure)
Confirm with . or Enter, or press ? or * to list all spells.
A hobgoblin comes into view.
The jackal barely misses you.
A rat comes into view.
The jackal barely misses you. The endoplasm freezes you.
You are frozen.
You die...

..#.......#......
.................
.....#<.........
....###.........
....>#.......##
.............#
.#.......#..##
##...rh###.#
#.....h@# .#
.......J....#
.r.#..#######
.g.... ....##
.###


You could see an endoplasm, 2 jackals, a hobgoblin, a rat and a friendly rat
(summoned).

Vanquished Creatures
  A jackal (D:1)
1 creature vanquished.

Notes
Turn   | Place    | Note
-------+----------+-------------------------------------------
     0 | D:1      | cbfl8 the Naga Summoner began the quest for the Orb.
     0 | D:1      | Reached XP level 1. HP: 15/15 MP: 3/3
    27 | D:1      | Frozen to death by an endoplasm

Illustrated notes

Levels and vault maps discovered:
D:1:      minmay_arrival_five_plusses, layout_rooms, serial_shops, shop,
          corner_web_ring, st_stairs_13

Action                   || total
-------------------------++-------
 Cast: Summon Small Mamm ||     1
 Abil: Spit Poison       ||     1
Armor: Robe              ||     2
Dodge: Dodged            ||     5
